 Dungeon Sprint DCSS version 0.27-a0-1065-ge809cff456 (webtiles) character file.

Game seed: 3084835289815463260

389 mhtbhm the Arsonist (level 6, -14/32 HPs)
             Began as a Deep Elf Fire Elementalist on Apr 22, 2021.
             Was a Priest of Vehumet.
             Shot with a bolt by a yaktaur (19 damage)
             ... in the Dungeon (Sprint V: "Ziggurat Sprint").
             The game lasted 00:02:10 (310 turns).

mhtbhm the Arsonist (Deep Elf Fire Elementalist)     Turns: 310, Time: 00:02:10

Health: -14/32     AC:  8    Str: 11    XL:     6   Next: 49%
Magic:  4/19       EV: 15    Int: 32    God:    Vehumet [***...]
Gold:   0          SH:  0    Dex: 15    Spells: 6/22 levels left

rFire    + . .     SeeInvis +   C - +8 lance "Wyrmbane" {slay drac, rPois rF+ rC+ AC+3}
rCold    + + .     Faith    .   (no shield)
rNeg     . . .     Spirit   .   a - +0 robe
rPois    +         Reflect  .   s - +2 helmet {SInv}
rElec    .         Harm     .   (no cloak)
rCorr    .         Rampage  .   (no gloves)
Will     .....     NoTele   +   (no boots)
Stlth    +++.......             (no amulet)
HPRegen  0.10/turn              u - +6 ring of intelligence
MPRegen  0.16/turn              t - ring "Qaisuti" {rC+ Str+6 Int+4}

@: very slightly contaminated
A: no striking features
a: Renounce Religion


You were in the Dungeon.
You worshipped Vehumet.
Vehumet was most pleased with you.
You visited 1 branch

Inventory:

Hand Weapons
 C - the +8 lance "Wyrmbane" (weapon) {slay drac, rPois rF+ rC+ AC+3}
   (You found it in the Dungeon)

   It affects your AC (+3).
   It protects you from fire.
   It protects you from cold.
   It protects you from poison.
Armour
 a - a +0 robe (worn)
 s - a +2 helmet of see invisible (worn)
Jewellery
 t - the ring "Qaisuti" (right hand) {rC+ Str+6 Int+4}
   (You found it in the Dungeon)

   [ring of strength]

   It affects your strength (+6).
   It affects your intelligence (+4).
   It protects you from cold.
 u - a +6 ring of intelligence (left hand)
 v - the ring "Nurui" {rC+ rCorr MP+9}
   (You took it off an orc priest in the Dungeon)

   [ring of magical power]

   It protects you from cold.
   It affects your magic capacity (+9).
   It protects you from acid and corrosion.
Wands
 y - a wand of mindburst (7)
 z - a wand of iceblast (5)
 A - a wand of acid (6)
Scrolls
 h - 4 scrolls of blinking
 m - 4 scrolls of amnesia
 n - 7 scrolls of fog
 o - a scroll of holy word
 p - 5 scrolls of identify
 q - a scroll of fear
Potions
 b - 2 potions of brilliance
 c - 10 potions of curing
 d - 10 potions of heal wounds
 e - 6 potions of haste
 f - 7 potions of magic
 g - 3 potions of berserk rage
 i - 2 potions of invisibility
 j - 4 potions of resistance
 k - a potion of experience
 l - 5 potions of might
Miscellaneous
 r - a condenser vane
 B - a lightning rod (4/4)


   Skills:
 + Level 6.3 Dodging
 - Level 4.2 Stealth
 + Level 8.7 Spellcasting
 + Level 3.3 Conjurations
 + Level 11.5 Fire Magic
 + Level 3.4 Evocations


You had 6 spell levels left.
You knew the following spells:

 Your Spells              Type           Power      Damage    Failure   Level
a - Foxfire               Conj/Fire      100%       2x1d9     1%          1
b - Conjure Flame         Conj/Fire      57%        6-21      1%          3
c - Inner Flame           Hex/Fire       50%        N/A       1%          3
d - Sticky Flame          Conj/Fire      57%        2d7       1%          4
e - Fireball              Conj/Fire      28%        3d12      1%          5

Your spell library contained the following spells:

 Spells                   Type           Power      Damage    Failure   Level
 Magic Dart               Conj           100%       1d8       1%          1
 Ensorcelled Hibernation  Hex/Ice        28%        N/A       5%          2
 Animate Armour           Summ/Erth      28%        N/A       34%         4
 Borgnjor's Vile Clutch   Necr/Erth      7%         N/A       67%         5
 Silence                  Hex/Air        7%         N/A       67%         5
 Shadow Creatures         Summ           N/A        N/A       99%         6


Dungeon Overview and Level Annotations

Branches:
Dungeon (1/1)

Altars:
Ashenzari
Cheibriados
Dithmenos
Elyvilon
Fedhas
Gozag
Hepliaklqana
Kikubaaqudgha
Makhleb
Nemelex Xobeh
Okawaru
Qazlal
Ru
Sif Muna
Trog
Uskayaw
Vehumet
Wu Jian
Xom
Yredelemnul
Zin
The Shining One
Beogh
Jiyva
Lugonu

Annotations:
D 1 transporter


Message History

You miscast Fireball.
You are very lightly contaminated with residual magic.
The air around you burns with energy. You resist.
The yaktaur gives up.
Unknown command.
Unknown command.
Unknown command.
Casting: Fireball (quite dangerous; 1% risk of failure)
Confirm with . or Enter, or press ? or * to list all spells.
The spell is quite dangerous to cast (1% risk of failure)!
Continue anyway?
Aiming: Fireball (quite dangerous; 1% risk of failure)
Press: ? - help, Shift-Dir - straight line The fireball explodes!
The fireball engulfs the yaktaur!!
The yaktaur is heavily wounded.
Your attack snaps the yaktaur out of its fear.
The fireball engulfs the yaktaur!
The yaktaur is moderately wounded.
Your attack snaps the yaktaur out of its fear.
The yaktaur cries, "Oh dear!
Oh dear!"
Cornered, the centaur turns to fight!
The yaktaur wields a +0 arbalest.
The yaktaur shoots a bolt.
The bolt hits you!
Ouch! That really hurt!
* * * LOW HITPOINT WARNING * * *
Cornered, the yaktaur turns to fight!
Unknown command.
Unknown command.
Unknown command.
Casting: Fireball (quite dangerous; 1% risk of failure)
Confirm with . or Enter, or press ? or * to list all spells.
The spell is quite dangerous to cast (1% risk of failure)!
Continue anyway?
Aiming: Fireball (quite dangerous; 1% risk of failure)
Press: ? - help, Shift-Dir - straight line The fireball explodes!
The fireball engulfs the yaktaur!!
The yaktaur is almost dead.
The fireball engulfs the yaktaur!
The yaktaur is severely wounded.
The yaktaur wields a +1 arbalest of freezing.
It is covered in frost.
The yaktaur shoots a bolt.
The bolt hits you!!
Ouch! That really hurt!
You die...

▓..©..▓..©..▓▓▓▓▓▓▓
▓▓▓▓▓▓▓▓▓▓▓▓▓▓▓▓▓▓▓
▓..8©8...▓.c8c8..c▓
▓..))....▓c.c):...▓
▓...)....▓..=.....▓
▓...)....▓........▓
▓........▓........▓
▓.▓....▓.▓........▓
▓...©....▓...@....▓
▓▓▓▓▓▓▓▓▓▓▓▓▓▓▓▓▓▓▓


You could see 4 yaktaurs and a centaur.

Vanquished Creatures
  A yak (D)
  A bullfrog (D)
  3 orc priests (D)
  An iron imp (D)
  An iguana (D)
  3 river rats (D)
  An ufetubus (D)
  An orc (D)
  A jackal (D)
13 creatures vanquished.

Vanquished Creatures (others)
  7 foxfires (D)
7 creatures vanquished.

Grand Total: 20 creatures vanquished

Notes
Turn   | Place    | Note
-------+----------+-------------------------------------------
     0 | D        | mhtbhm the Deep Elf Fire Elementalist began the quest for
                  | the Orb.
     0 | D        | Reached XP level 1. HP: 10/10 MP: 6/6
     0 | D        | Found a shimmering blue altar of Sif Muna.
     0 | D        | Found a bloodstained altar of Trog.
     0 | D        | Found a sacrificial altar of Ru.
     0 | D        | Found a stormy altar of Qazlal.
     0 | D        | Found an iron altar of Okawaru.
     1 | D        | Found a sparkling altar of Nemelex Xobeh.
     1 | D        | Found a blossoming altar of Fedhas.
     2 | D        | Found the +6 Majin-Bo {vamp, MP+6 Int+6}
     2 | D        | Found the +9 heavy crossbow "Sniper" {vorpal, Acc+∞ SInv}
     2 | D        | Found the +10 dark maul {vorpal}
     2 | D        | Found the +15 Maxwell's patent armour {-Cast -Tele rElec
                  | Will+ rCorr}
     2 | D        | Found the +18 shield of the Gong {rElec rN+ Will+ EV-5}
     2 | D        | Found the +14 obsidian axe {vorpal, Drain Fly SInv}
     2 | D        | Found the +7 great mace "Firestarter" {inner flame, rF++}
     2 | D        | Found the +6 shillelagh "Devastator" {shatter}
     2 | D        | Found the +11 plutonium sword {Contam Stlth-}
     2 | D        | Found the +8 lance "Wyrmbane" {slay drac, rPois rF+ rC+
                  | AC+3}
     2 | D        | Found the +9 sword of Zonguldrok {reap}
     2 | D        | Found the +13 scythe of Curses {drain, Drain}
     2 | D        | Found the +5 sword of Power {vorpal}
     2 | D        | Found the +7 mace of Variability {chain chaos}
     2 | D        | Found the +7 Singing Sword {vorpal, sonic wave}
     2 | D        | Found the +8 storm bow {elec, penet}
     3 | D        | Found a transporter.
     3 | D        | Found an ancient bone altar of Kikubaaqudgha.
     3 | D        | Found a viscous altar of Jiyva.
     3 | D        | Found a corrupted altar of Lugonu.
     3 | D        | Found a hazy altar of Hepliaklqana.
     3 | D        | Found a burning altar of Makhleb.
     3 | D        | Found an opulent altar of Gozag.
     5 | D        | Banished a spatial maelstrom
    10 | D        | Banished a spatial maelstrom
    42 | D        | Became a worshipper of Vehumet
    55 | D        | Entered arena 2.
    55 | D        | Noticed an iron imp
    55 | D        | Found a transporter.
    57 | D        | Reached skill level 4 in Fire Magic
    57 | D        | Killed an iron imp
    58 | D        | Reached skill level 6 in Fire Magic
    58 | D        | Reached skill level 1 in Evocations
    58 | D        | Reached XP level 2. HP: 15/15 MP: 6/9
    58 | D        | Reached XP level 3. HP: 19/19 MP: 7/11
    62 | D        | Learned a level 3 spell: Conjure Flame
    66 | D        | Learned a level 3 spell: Inner Flame
    93 | D        | Entered arena 3.
    93 | D        | Noticed a bullfrog
    93 | D        | Found a transporter.
    94 | D        | Reached * piety under Vehumet
    94 | D        | Offered knowledge of Magic Dart by Vehumet.
    96 | D        | Killed a bullfrog
    97 | D        | Reached skill level 5 in Spellcasting
    97 | D        | Reached skill level 8 in Fire Magic
    97 | D        | Reached XP level 4. HP: 24/24 MP: 9/13
   108 | D        | Learned a level 4 spell: Sticky Flame
   149 | D        | Entered arena 4.
   149 | D        | Noticed a yak
   149 | D        | Found a transporter.
   150 | D        | Reached ** piety under Vehumet
   153 | D        | Killed a yak
   154 | D        | Reached skill level 10 in Fire Magic
   154 | D        | Reached XP level 5. HP: 28/28 MP: 14/17
   154 | D        | Reached XP level 6. HP: 32/32 MP: 15/19
   160 | D        | Learned a level 5 spell: Fireball
   168 | D        | Got the ring "Qaisuti" {rC+ Str+6 Int+4}
   180 | D        | Entered arena 5.
   180 | D        | Found a transporter.
   181 | D        | Identified the ring "Nurui" {rC+ rCorr MP+9}
   181 | D        | Reached *** piety under Vehumet
   182 | D        | Reached skill level 11 in Fire Magic
   306 | D        | Entered arena 6.
   306 | D        | Noticed a yaktaur
   306 | D        | Noticed a yaktaur
   306 | D        | Noticed a yaktaur
   306 | D        | Noticed a yaktaur
   306 | D        | Found a transporter.
   310 | D        | Shot with a bolt by a yaktaur

Illustrated notes

Levels and vault maps discovered:
D:        sprint_v [room_start, room_1, room_2, room_3, room_4, room_5, room_6,
          room_7, room_8, room_9, room_10, room_11, room_12, room_13, room_14,
          room_15, room_16, room_17, room_18, room_19, room_20, room_21,
          room_22, room_23, room_24, room_25, room_26, room_27]

Skill      XL: |  1  2  3  4  5  6 |
---------------+-------------------+-----
Fire Magic     | 6 8 10 11 | 11.5
Dodging        | 3 4 6 |  6.3
Stealth        | 3 4 |  4.2
Spellcasting   | 4 5 8 |  8.7
Evocations     | 1 3 |  3.4
Conjurations   | 3 |  3.3

Action                   |  1- 3 |  4- 6 || total
-------------------------+-------+-------++-------
 Cast: Foxfire           |     2 |     2 ||     4
       Fireball          |       |     3 ||     3
Evoke: Wand              |     2 |     1 ||     3
       Lightning rod     |     1 |     3 ||     4
  Use: Scroll            |       |     1 ||     1

Table legend: (Time is in decaauts)
 A = Elapsed time spent in this place.
 B = Non-inter-level travel time spent in this place.
 C = Inter-level travel time spent in this place.
 D = Time resting spent in this place.
 E = Time spent auto-exploring this place.
 F = Levels seen in this place.
 G = Mean time per level.
                   A        B        C        D        E       F      G
               +--------+--------+--------+--------+--------+-----+--------+
         Total |    307 |    307 |      0 |    160 |      0 |   1 |  307.0 |
       Dungeon |    307 |    307 |      0 |    160 |      0 |   1 |  307.0 |
               +--------+--------+--------+--------+--------+-----+--------+

Top non-repeatable levels by time:
       D: 307 daAuts
